 Dungeon Crawl Stone Soup version 0.30-a0-937-ga0a21ad780 (webtiles) character file.

Game seed: 12458347552172523501

11145 bearlyready the Cleaver (level 11, -12/98 HPs)
             Began as an Armataur Berserker on Mar 24, 2023.
             Was an Elder of Trog.
             Hit by a large rock thrown by a cyclops (20 damage)
             ... on level 12 of the Dungeon.
             The game lasted 00:21:02 (13786 turns).

bearlyready the Cleaver (Armataur Berserker)       Turns: 13786, Time: 00:21:02

Health: -12/98     AC:  6    Str: 26    XL:     11   Next: 45%
Magic:  11/11      EV:  9    Int:  9    God:    Trog [****..]
Gold:   481        SH:  0    Dex:  9    Spells: 10/10 levels left

rFire   + . .      SeeInvis .    S - +0 broad axe
rCold   . . .      Faith    .    (no shield)
rNeg    . . .      Spirit   .    O - +0 acid dragon scales
rPois   +          Reflect  .    (no helmet)
rElec   .          Roll     +    y - scarf {shadows}
rCorr   +                        (no gloves)
Will    .....                    (no barding)
Stlth   +                        (no amulet)
HPRegen 0.36/turn                m - ring of protection from fire
MPRegen 0.12/turn                I - ring of poison resistance

@: slowed, very slow
A: large, rugged brown scales 3, deformed body, armoured tail, roll, long
tongue, awkward tongue
a: Renounce Religion, Berserk, Trog's Hand, Brothers in Arms


You were on level 12 of the Dungeon.
You worshipped Trog.
Trog was greatly pleased with you.
You visited 1 branch of the dungeon, and saw 12 of its levels.
You also visited: Ossuary.

You collected 665 gold pieces.
You spent 184 gold pieces at shops.

Inventory:

Hand Weapons
 a - a +0 hand axe
 i - the +10 zealot's sword {holy, Zealotry, *Rage rN+ EV+3}
   (You found it on level 11 of the Dungeon)

   Zealotry:  Whenever the wielder enters a berserk rage, their allies are
   berserked alongside them.
   EV:        It affects your evasion (+3).
   rN:        It protects you from negative energy.
   *Rage:     It berserks you when you make melee attacks (+20% chance).
 r - a +0 war axe
 H - the +0 hand axe of the Ring {chaos, rN++ Will++ Int-5}
   (You bought it in a shop on level 6 of the Dungeon)

   Int:       It affects your intelligence (-5).
   rN:        It greatly protects you from negative energy.
   Will:      It greatly increases your willpower.
 S - a +0 broad axe (weapon)
Missiles
 c - 121 stones
 l - 19 boomerangs
 p - 25 poisoned darts (quivered)
 u - 4 curare-tipped darts
 M - 2 boomerangs of dispersal
Armour
 y - a scarf of shadows (worn)
 z - a +3 leather armour
 E - a +0 kite shield
 O - +0 acid dragon scales (worn)
Jewellery
 m - a ring of protection from fire (left hand)
 w - a ring of protection from cold
 C - a ring of magical power
 I - a ring of poison resistance (right hand)
Wands
 e - a wand of flame (31)
 o - a wand of iceblast (7)
 T - a wand of mindburst (4)
Scrolls
 d - 7 scrolls of teleportation
 f - 2 scrolls of blinking
 g - 3 scrolls of vulnerability
 h - 3 scrolls of noise
 q - 3 scrolls of immolation
 B - a scroll of brand weapon
 D - a scroll of silence
 F - a scroll of enchant weapon {unknown}
 G - 3 scrolls of acquirement {unknown}
 J - a scroll of fog {unknown}
 L - 2 scrolls of magic mapping
 N - a scroll of poison {unknown}
 P - a scroll of enchant armour
Potions
 b - 2 potions of invisibility
 j - 3 potions of ambrosia
 k - a potion of curing
 n - a potion of flight {unknown}
 s - 2 potions of lignification
 t - 2 potions of might
 v - 2 potions of attraction
 x - 2 potions of mutation
 A - a potion of brilliance
 K - 2 potions of haste
 Q - 2 potions of magic {unknown}
Miscellaneous
 R - a phial of floods (inert)


   Skills:
 + Level 7.6 Fighting
 + Level 13.4 Axes
 + Level 5.3 Throwing
 + Level 2.5 Armour
 - Level 1.3 Dodging
 + Level 4.0 Evocations


You had 10 spell levels left.
You didn't know any spells.
Your spell library was empty.

Dungeon Overview and Level Annotations

Branches:
Dungeon (12/15)            Temple (0/1) D:6            Lair (0/5) D:10
    Orc (0/2) D:9         Ossuary (visited)

Altars:
Ashenzari
Dithmenos
Fedhas
Makhleb
Nemelex Xobeh
Qazlal
Sif Muna
Trog
Uskayaw
Yredelemnul
Zin
The Shining One

Shops:
D:6 (   D:7 :

Annotations:
D:10 Lodul
D:11 3 runed translucent doors, Axe's ghost, journeyman DrIE


Innate Abilities, Weirdness & Mutations

You are completely covered in rugged brown scales. (AC +3, +7% HP)
Armour fits poorly on your strangely shaped body.
You have a long armoured tail.
You roll when moving toward enemies. (Rampage)
Your long tongue fully drains potion bottles. (2x potion effects)
Your tongue gives you trouble enunciating. (1.5x scroll delay)


Message History

You finish putting on your +0 acid dragon scales.
You barely miss the wraith. The wraith hits you. The wraith drains your vigour!
You feel yourself slow down.
You barely miss the wraith. The wraith hits you. The wraith drains your vigour!
You feel as though you will be slow longer.
You closely miss the wraith. The wraith hits you.
The wraith drains your vigour!
You feel as though you will be slow longer.
The wraith hits you but does no damage.
You slash the wraith!
The wraith is heavily damaged.
The wraith hits you!
You barely miss the wraith.
The wraith is heavily damaged.
The wraith hits you but does no damage.
A cyclops comes into view.
You closely miss the wraith.
The wraith is heavily damaged.
The wraith closely misses you.
The cyclops throws a large rock.
The large rock hits you!!
* * * LOW HITPOINT WARNING * * *
The wraith hits you!
* * * LOW HITPOINT WARNING * * *
The wraith drains your vigour!
You feel as though you will be slow longer.
You barely miss the wraith.
The wraith is heavily damaged.
The wraith hits you.
* * * LOW HITPOINT WARNING * * *
The wraith drains your vigour!
You feel as though you will be slow longer.
Okay, then.
You feel better.
You slurp down every last drop of the potion of curing!
The wraith hits you!
* * * LOW HITPOINT WARNING * * *
The wraith drains your vigour!
You feel as though you will be slow longer.
The cyclops throws a large rock.
The large rock hits you!!
You die...

######## #......#......
... #......#....... ...
.#......#....... ..#
.'......#....... #.#....#
#C...@.#....... #.#....#.
#.....W#.......
#.#....#..#......'.^.....
#.#....#..#...[..#.......
#.+....#..########.......
#.#....#.....)...........
#.#)...#.................
##.##'###.................
.............#####........


You could see a cyclops and a wraith.

Vanquished Creatures
  4 two-headed ogres
  Pikel (D:8)
  A manticore (D:12)
  A slime creature (D:12)
  A kobold demonologist (D:12)
  An unseen horror (D:10)
  A troll (D:9)
  2 hornets
  A dream sheep (shapeshifter) (D:10)
  Sigmund (D:2)
  A shadow (D:10)
  2 vampires (D:11)
  2 wyverns
  2 steam dragons
  Menkaure (D:6)
  An acid dragon (D:12)
  A water moccasin (D:6)
  An ice beast (D:8)
  3 black bears
  2 orc warriors (D:10)
  A sky beast (D:8)
  6 ogres
  11 centaurs
  2 lemures (D:8)
  2 phantoms (D:5)
  4 kobold brigands
  2 elf zombies (Ossuary)
  5 bullfrogs
  2 scorpions
  4 wights (D:8)
  5 killer bees (D:7)
  5 electric eels
  2 howler monkeys
  2 hounds
  A human zombie (Ossuary)
  6 orc priests
  3 gnoll boudas
  An iguana (D:4)
  2 sleepcaps
  Ijyb (D:3)
  Natasha (twice) (D:2)
  8 orc wizards
  2 mummies (Ossuary)
  12 gnolls
  2 adders
  A shadow imp (D:8)
  A white imp (D:7)
  An ufetubus (D:6)
  3 adder zombies (Ossuary)
  A worm (D:2)
  4 dart slugs
  31 orcs
  5 ball pythons
  5 bats
  3 giant cockroaches
  10 goblins
  A hobgoblin (D:2)
  5 quokkas
  A frilled lizard (D:2)
  A goblin zombie (Ossuary)
  11 hobgoblin zombies (Ossuary)
  A jackal zombie (Ossuary)
  25 kobolds
  12 kobold zombies (Ossuary)
  4 orc zombies (Ossuary)
  2 rats
  2 rat zombies (Ossuary)
253 creatures vanquished.

Vanquished Creatures (collateral kills)
  A lemure (D:8)
1 creature vanquished.

Vanquished Creatures (others)
  An orc wizard (D:7)
  11 plants (D:10)
12 creatures vanquished.

Grand Total: 266 creatures vanquished

Notes
Turn   | Place    | Note
-------+----------+-------------------------------------------
     0 | D:1      | bearlyready the Armataur Berserker began the quest for the
                  | Orb.
     0 | D:1      | Reached XP level 1. HP: 19/19 MP: 1/1
   219 | D:1      | Reached skill level 3 in Axes
   219 | D:1      | Reached XP level 2. HP: 26/26 MP: 2/2
   912 | D:2      | Upgraded the game from 0.30-a0-930-gb9d0489357 to
                  | 0.30-a0-937-ga0a21ad780
  1052 | D:2      | Noticed Sigmund
  1053 | D:2      | Noticed Natasha
  1054 | D:2      | Reached skill level 10 in Axes
  1054 | D:2      | Reached XP level 3. HP: 32/32 MP: 3/3
  1054 | D:2      | Reached XP level 4. HP: 39/39 MP: 4/4
  1063 | D:2      | Killed Sigmund
  1064 | D:2      | Reached XP level 5. HP: 44/44 MP: 5/5
  1069 | D:2      | Killed Natasha
  1070 | D:2      | Reached XP level 6. HP: 47/53 MP: 6/6
  1443 | D:2      | Noticed Natasha
  1449 | D:2      | Killed Natasha
  1559 | D:3      | Noticed Ijyb
  1565 | D:3      | Killed Ijyb
  1934 | D:3      | Reached ** piety under Trog
  2526 | D:4      | Reached skill level 1 in Evocations
  2641 | D:4      | Reached XP level 7. HP: 52/59 MP: 7/7
  3107 | D:5      | Entered Level 5 of the Dungeon
  3288 | D:5      | Reached skill level 1 in Throwing
  3327 | D:5      | Reached skill level 11 in Axes
  3573 | D:5      | Reached XP level 8. HP: 60/66 MP: 8/8
  4144 | D:5      | Found a stormy altar of Qazlal.
  4298 | D:6      | Found a sand-covered staircase.
  4312 | Ossuary  | Entered an ossuary
  4372 | Ossuary  | Reached *** piety under Trog
  4672 | D:6      | Noticed Menkaure
  4679 | D:6      | Killed Menkaure
  5134 | D:6      | Found Sofaevu Gung's Antique Weapon Boutique.
  5141 | D:6      | Bought a slimy hand axe for 184 gold pieces
  5141 | D:6      | Identified the +0 hand axe of the Ring {chaos, rN++ Will++
                  | Int-5} (You bought it in a shop on level 6 of the Dungeon)
  5212 | D:6      | Reached XP level 9. HP: 58/72 MP: 9/9
  5316 | D:6      | Found a staircase to the Ecumenical Temple.
  6005 | D:7      | Reached **** piety under Trog
  6129 | D:7      | Found Qurian's Book Shop.
  7421 | D:8      | Noticed Pikel
  7432 | D:8      | Killed Pikel
  7433 | D:8      | Reached skill level 5 in Throwing
  7695 | D:8      | Reached skill level 12 in Axes
  7868 | D:8      | Reached XP level 10. HP: 35/75 MP: 10/10
  8169 | D:8      | Found a flagged portal.
  9566 | D:9      | Found a staircase to the Orcish Mines.
  9600 | D:9      | Noticed a two-headed ogre
  9615 | D:9      | Killed a two-headed ogre
  9616 | D:9      | Reached skill level 5 in Fighting
 10183 | D:10     | Entered Level 10 of the Dungeon
 10248 | D:10     | Found a glowing silver altar of Zin.
 10249 | D:10     | Found a burning altar of Makhleb.
 10255 | D:10     | Noticed a two-headed ogre
 10274 | D:10     | Killed a two-headed ogre
 10289 | D:10     | Found a basalt altar of Yredelemnul.
 10294 | D:10     | Found a shadowy altar of Dithmenos.
 10294 | D:10     | Found a sparkling altar of Nemelex Xobeh.
 10294 | D:10     | Found a broken altar of Ashenzari.
 10295 | D:10     | Found a hide-covered altar of Uskayaw.
 10297 | D:10     | Found a bloodstained altar of Trog.
 10299 | D:10     | Found a shimmering blue altar of Sif Muna.
 10300 | D:10     | Found a glowing golden altar of the Shining One.
 10343 | D:10     | Found a staircase to the Lair.
 10372 | D:10     | Noticed Lodul
 10821 | D:10     | Noticed a two-headed ogre
 10847 | D:10     | Killed a two-headed ogre
 10848 | D:10     | Reached XP level 11. HP: 35/95 MP: 11/11
 11044 | D:10     | Found a blossoming altar of Fedhas.
 11531 | D:10     | Reached skill level 13 in Axes
 11892 | D:11     | Noticed a two-headed ogre
 11902 | D:11     | Killed a two-headed ogre
 11973 | D:11     | Found a runed translucent gate.
 11973 | D:11     | Noticed Axe's ghost (journeyman DrIE)
 11974 | D:11     | Found a runed translucent gate.
 11974 | D:11     | Identified the +0 plate armour "Gyathrea" {MP+9 Str+3}
 11975 | D:11     | Found a runed translucent gate.
 12759 | D:11     | Found the +10 zealot's sword {holy, Zealotry, *Rage rN+
                  | EV+3}
 12774 | D:11     | Identified the +4 bardiche of Puopuxol {antimagic, rN+
                  | Int-2 Dex+3}
 13137 | D:11     | Identified the +1 leather armour "Xuebap" {Rampage rPois}
 13184 | D:12     | Noticed a soul eater
 13785 | D:12     | HP: 4/98 [wraith (5)]
 13786 | D:12     | Hit by a large rock thrown by a cyclops

Illustrated notes

Levels and vault maps discovered:
D:1:      giann_wishing_wells, layout_basic
D:2:      layout_loops_ring, uniq_sigmund, uniq_natasha
D:3:      layout_loops_ring, uniq_ijyb
D:4:      layout_basic, nicolae_elevator_lobby_plus
D:5:      layout_basic, kennysheep_mini
D:6:      layout_cave_pools, temple_doors_e, enter_ossuary_1,
          mrwooster_statue_mirror, nrook_loot_triangle, nicolae_stop_n_shop_1,
          uniq_menkaure
D:7:      layout_basic, serial_shops, kennysheep_little_box
D:8:      layout_basic, enter_bailey_5, kennysheep_cluttered_room, uniq_pikel
D:9:      layout_roguey, orc_0_dummy, fountainhead
D:10:     layout_loops_corners, amcnicky_altar_gilded, minitemple,
          dpeg_oklobed_lair, minmay_misc_feat_secret_circle, uniq_lodul
D:11:     layout_gridville, biasface_ghost_orc_armoury
D:12:     layout_irregular_city

Skill      XL: |  1  2  3  4  5  6  7  8  9 10 11 |
---------------+----------------------------------+-----
Axes           | 3 10 11 12 13 | 13.4
Evocations     | 1 2 4 |  4.0
Throwing       | 2 3 5 |  5.3
Fighting       | 3 6 7 |  7.6
Armour         | |  2.5
Dodging        | |  1.3

Action                     |  1- 3 |  4- 6 |  7- 9 | 10-12 || total
---------------------------+-------+-------+-------+-------++-------
  Melee: Hand axe          |    25 |    65 |       |       ||    90
         Tailslap          |     7 |    11 |    44 |    43 ||   105
         War axe           |       |    32 |   423 |   108 ||   563
         Punch             |       |       |     4 |     4 ||     8
         Broad axe         |       |       |       |   150 ||   150
  Throw: Dart              |       |       |       |    29 ||    29
 Invoke: Berserk           |       |     1 |     5 |     6 ||    12
         Trog's Hand       |       |       |       |     1 ||     1
  Evoke: Wand              |       |       |     3 |    13 ||    16
         Phial of floods   |       |       |       |     1 ||     1
    Use: Potion            |     1 |     2 |     2 |     5 ||    10
         Scroll            |       |       |    13 |     9 ||    22
   Stab: Distracted        |       |       |     1 |       ||     1
 Armour: Animal skin       |    12 |       |       |       ||    12
         Ring mail         |       |    27 |    18 |       ||    45
         Leather armour    |       |       |   107 |    89 ||   196
         Skin              |       |       |     5 |     2 ||     7
         Acid dragon scale |       |       |       |     2 ||     2
  Dodge: Dodged            |    10 |    31 |   166 |   108 ||   315

Table legend: (Time is in decaauts)
 A = Elapsed time spent in this place.
 B = Non-inter-level travel time spent in this place.
 C = Inter-level travel time spent in this place.
 D = Time resting spent in this place.
 E = Time spent auto-exploring this place.
 F = Levels seen in this place.
 G = Mean time per level.
                   A        B        C        D        E       F      G
               +--------+--------+--------+--------+--------+-----+--------+
         Total |  13831 |  13318 |    513 |    172 |  11302 |  13 | 1063.9 |
       Dungeon |  13486 |  12973 |    513 |    172 |  11093 |  12 | 1123.8 |
       Ossuary |    345 |    345 |      0 |      0 |    209 |   1 |  345.0 |
               +--------+--------+--------+--------+--------+-----+--------+

Top non-repeatable levels by time:
     D:7: 1923 daAuts
    D:10: 1526 daAuts
     D:9: 1450 daAuts
    D:11: 1441 daAuts
     D:8: 1374 daAuts
     D:5: 1133 daAuts
     D:6: 921 daAuts
     D:4: 900 daAuts
     D:1: 834 daAuts
     D:2: 730 daAuts
     D:3: 635 daAuts
    D:12: 613 daAuts
 Ossuary: 345 daAuts
